AoeStats
← Juanfreelance

Fortress

508150218Analyzed
2v2 RM · 12d ago on Sep 21, 2026· 48m 14s· 4 players
Game mode
Random Map
Map size
Normal (6 player)
Population
200
Speed
Normal
Resources
Standard
Victory
Conquest
Starting age
Dark Age
Ending age
Imperial Age
RankedLock teamsTeams togetherTeam positionsShared explorationLock speedFull tech treeHidden civsTurbo modeCheats
Victory
Defeat
🇨🇦 Saracens · Canada
1298
+14
🇦🇷 Malians · Argentina
1176
+18
🇵🇦 Persians · Panama
1242
-16
🇦🇷 Bohemians · Argentina
1235
-16
Juanfreelance
5:56 Loom
7:41 Feudal Age
11:59 Castle Age
10:10 Double-Bit Axe
10:21 Horse Collar
11:09 Gold Mining
14:22 Bow Saw
15:06 Wheelbarrow
14:47 Heavy Plow
20:00 Gold Shaft Mining
22:55 Hand Cart
29:18 Imperial Age
26:54 Town Watch
27:26 Bloodlines
27:16 Husbandry
27:34 Forging
27:30 Scale Barding Armor
28:20 Town Patrol
29:04 Iron Casting
29:55 Chain Barding Armor
28:56 Cavalier
30:13 Kamandaran
30:35 Conscription
30:09 Fletching
31:20 Blast Furnace
30:21 Padded Archer Armor
31:17 Crop Rotation
31:47 Two-Man Saw
31:19 Savar
31:23 Crossbowman
32:25 Bodkin Arrow
32:39 Thumb Ring
33:32 Light Cavalry
35:11 Leather Archer Armor
35:32 Plate Barding Armor
36:43 Heated Shot
37:56 Chemistry
37:16 Ballistics
37:36 Ring Archer Armor
37:14 Hussar
41:55 Heavy Camel Rider
HernanJC
6:12 Loom
8:21 Feudal Age
12:31 Castle Age
10:54 Double-Bit Axe
10:51 Horse Collar
11:21 Town Watch
13:46 Wheelbarrow
14:41 Bow Saw
16:21 Chemistry
25:54 Imperial Age
26:34 Houfnice
32:31 Fletching
38:10 Bodkin Arrow
38:16 Padded Archer Armor
38:40 Ballistics
38:42 Siege Engineers
Bugzy
7:21 Feudal Age
11:49 Castle Age
13:00 Double-Bit Axe
14:08 Bow Saw
20:50 Horse Collar
21:01 Gold Mining
21:48 Wheelbarrow
23:43 Town Watch
26:36 Imperial Age
24:22 Loom
24:53 Hand Cart
25:11 Scale Barding Armor
26:52 Chain Barding Armor
26:42 Forging
27:35 Bloodlines
27:26 Husbandry
27:40 Heavy Plow
29:03 Fortified Wall
29:31 Gold Shaft Mining
28:47 Stone Mining
29:31 Ballistics
30:12 Chemistry
28:53 Treadmill Crane
29:24 Masonry
30:04 Elite Mameluke
31:06 Conscription
32:08 Plate Barding Armor
32:08 Iron Casting
32:10 Caravan
32:41 Coinage
35:30 Banking
37:45 Blast Furnace
37:09 Light Cavalry
38:35 Fletching
38:46 Scale Mail Armor
39:31 Hussar
40:27 Chain Mail Armor
40:07 Bodkin Arrow
40:31 Chain Mail Armor
elPreto
9:18 Feudal Age
13:27 Castle Age
11:43 Double-Bit Axe
11:41 Horse Collar
15:03 Bow Saw
14:57 Heavy Plow
17:06 Gold Mining
18:15 Wheelbarrow
17:26 Town Watch
19:00 Gold Shaft Mining
20:07 Loom
20:43 Hand Cart
21:43 Stone Mining
22:22 Arson
22:38 Squires
24:58 Stone Shaft Mining
24:54 Scale Mail Armor
25:04 Forging
25:35 Fortified Wall
25:55 Chain Mail Armor
26:06 Fletching
28:16 Masonry
31:12 Imperial Age
29:36 Iron Casting
31:42 Elite Gbeto
32:43 Conscription
32:55 Plate Mail Armor
33:07 Crop Rotation
33:36 Architecture
33:56 Light Cavalry
34:47 Bloodlines
34:37 Husbandry
34:44 Scale Barding Armor
35:47 Chain Barding Armor
36:12 Farimba
37:08 Plate Barding Armor
38:13 Chemistry
37:27 Bodkin Arrow
38:23 Hoardings
37:56 Cavalier
43:59 Heavy Camel Rider
Connection lost

Rejoining the realm…

Still unreachable

The connection could not be restored.

Session expired

The server has moved on; the page needs a fresh start.